 Dungeon Crawl Stone Soup version 0.30.1-4-g462c640d31 (webtiles) character file.

Game seed: 7717444799411676138

19151 speciesxxx the Brawler (level 12, -18/111 HPs)
             Began as a Troll Wanderer on Sept 3, 2023.
             Was a High Priest of Trog.
             Demolished by an orc knight
             ... wielding a +0 war axe
              (36 damage)
             ... on level 2 of the Orcish Mines.
             The game lasted 00:29:45 (10181 turns).

speciesxxx the Brawler (Troll Wanderer)            Turns: 10181, Time: 00:29:46

Health: -18/111    AC: 13    Str: 26 (27) XL:     12   Next: 34%
Magic:  12/12      EV:  9    Int:  5 (8)  God:    Trog [*****.]
Gold:   997        SH:  0    Dex:  6 (9)  Spells: 12/13 levels left

rFire   . .          .
                       - Unarmed
rCold   . . .        (no shield)
rNeg    . . .        T - +2 troll leather armour {Snorg}
rPois   .            (helmet restricted)
rElec   .            (no cloak)
rCorr   .            (gloves unavailable)
SInv    +            (boots unavailable)
Will    .....        (no amulet)
Stlth   +            U - ring of see invisible
HPRegen 1.98/turn    A - +4 ring of protection
MPRegen 0.13/turn

%: no passive effects
@: about to teleport, on berserk cooldown, slowed, very slow
A: large, unfitting armour, claws 3, regeneration 1, shaggy fur 1, tough skin 1
a: Renounce Religion, Berserk, Trog's Hand, Brothers in Arms


You were on level 2 of the Orcish Mines.
You worshipped Trog.
Trog was extremely pleased with you.
You visited 2 branches of the dungeon, and saw 12 of its levels.
You also visited: Ossuary.

You collected 1177 gold pieces.
You spent 180 gold pieces at shops.

Inventory:

Hand Weapons
 a - a +0 quarterstaff
 o - a +1 dagger of venom
 q - a +0 giant spiked club
 C - a +0 giant club
 M - a +1 whip of electrocution
 S - a +3 executioner's axe of flaming
 V - a +1 scimitar of flaming
Missiles
 e - 100 stones (quivered)
 i - 25 poisoned darts
 m - 2 atropa-tipped darts
 J - 11 large rocks
 L - 5 curare-tipped darts
Armour
 d - a +0 robe
 T - a +2 troll leather armour (worn) {Snorg}
Jewellery
 s - a ring of resist corrosion
 A - a +4 ring of protection (right claw)
 B - a ring of willpower
 U - a ring of see invisible (left claw)
Wands
 b - a wand of flame (6)
 P - a wand of quicksilver (12)
 Q - a wand of iceblast (3)
Scrolls
 f - 3 scrolls of enchant weapon {unknown}
 h - 6 scrolls of teleportation
 j - 3 scrolls of vulnerability
 l - 5 scrolls of poison
 p - 2 scrolls of fear {unknown}
 t - 3 scrolls of immolation
 v - 2 scrolls of magic mapping {unknown}
 y - 2 scrolls of butterflies
 E - 2 scrolls of fog {unknown}
 F - a scroll of blinking {unknown}
 I - 3 scrolls of amnesia
 K - 4 scrolls of noise
 O - a scroll of torment {unknown}
 R - a scroll of identify
Potions
 c - 3 potions of haste
 g - a potion of ambrosia
 k - 5 potions of degeneration
 n - 4 potions of flight {unknown}
 r - 11 potions of curing {unknown}
 u - a potion of might
 w - 3 potions of attraction
 x - 3 potions of mutation {unknown}
 z - 3 potions of heal wounds {unknown}
 D - 3 potions of magic {unknown}
 G - 2 potions of resistance {unknown}
 H - a potion of cancellation {unknown}
 N - a potion of lignification {unknown}


   Skills:
 - Level 5.0 Fighting
 - Level 1.5 Staves
 - Level 6.0 Armour
 + Level 17.8 Unarmed Combat
 - Level 1.0 Spellcasting
 - Level 2.6 Hexes
 - Level 1.0 Invocations
 - Level 1.3 Evocations


You had 12 spell levels left.
You knew the following spells:

 Your Spells              Type           Power      Damage    Failure   Level
a - Slow                  Hex            8%         N/A       19%         1

Your spell library contained the following spells:

 Spells                   Type           Power      Damage    Failure   Level
 Confusing Touch          Hex            2%         N/A       47%         3
 Tukima's Dance           Hex            2%         N/A       47%         3


Dungeon Overview and Level Annotations

Branches:
Dungeon (10/15)            Temple (0/1) D:4            Lair (0/5) D:10
    Orc (2/2) D:10        Ossuary (visited)
    Elf: Orc:2

Altars:
Cheibriados
Elyvilon
Gozag
Hepliaklqana
Nemelex Xobeh
Sif Muna
Trog

Shops:
D:10 =


Innate Abilities, Weirdness & Mutations

You are too large for most types of armour.
You have claws for hands.
Your natural rate of healing is unusually fast.
You are covered in fur. (AC +1)
You have tough skin. (AC +1)


Message History

The orcs go into a battle-frenzy!
The orc knight unwields a +0 arbalest.
The orc knight wields a +1 dire flail of protection.
The orc knight hits you with a +1 dire flail of protection.
The sixfirhy hits you. The sixfirhy shocks you!
You barely miss the orc sorcerer. The sixfirhy barely misses you.
The sixfirhy hits you. The sixfirhy shocks you!
Unknown command.
You eviscerate the orc sorcerer!!!
You kill the orc sorcerer!
Trog accepts your kill.
Trog appreciates your killing of a magic user.
The sixfirhy disappears in a puff of smoke!
The ice devil disappears in a puff of smoke!
The orc knight hits you with a +0 war axe!!
* * * LOW HITPOINT WARNING * * *
You scratch the orc knight.
The orc knight is lightly wounded.
You closely miss the orc knight.
The orc knight is lightly wounded.
The orc knight unwields a +1 dire flail of protection.
The orc knight wields a +0 arbalest.
The orc knight shoots a bolt.
The bolt barely misses you.
You closely miss the orc knight.
The orc knight is lightly wounded.
The orc knight hits you with a +0 war axe!!
* * * LOW HITPOINT WARNING * * *
You feel a strong urge to attack something.
You are no longer berserk.
You are exhausted.
You feel yourself slow down.
The orc knight roars a battlecry!
As you read the scroll of teleportation, it crumbles to dust.
You feel strangely unstable.
It was a potion of degeneration.
There was something very wrong with that liquid.
You feel weakened.
You feel dopey.
You feel clumsy.
The orc knight shoots a bolt.
The bolt hits you but does no damage.
The orc knight hits you with a +0 war axe!!!
You die...

###...........#........##
##..............#........#
#.......................##
##.##..................##
####..............#####
#.............##...###
##.#.........##o.....##
##.####.........##.o...÷..###
#...#...))....o@#.o..##..÷..#
#.......)).....##oo.####o...#
##............o#.o..# o÷...#
#............oooo.## ÷.÷÷.÷#
#........)....)...# oo.o..#
##.......).........# o○....#
#..................# ÷.o...#
##.................# .ooo..#
#.................#


You could see 2 orc knights and an orc wizard (strong).

Vanquished Creatures
  Azrael (Orc:2)
  Snorg (D:10)
  2 two-headed ogres
  2 orc knights (Orc:2)
  3 orc sorcerers
  3 cyclopes
  Maggie (D:6)
  A kobold demonologist (D:6)
  A troll (Orc:1)
  Grinder (D:4)
  A hornet (D:10)
  A wraith (D:7)
  Sigmund (D:5)
  2 wyverns
  23 yaks
  3 steam dragons
  3 wargs (Orc:1)
  6 water moccasins
  An acid dragon (D:9)
  6 hell hounds (Orc:2)
  7 black bears
  2 ice beasts (D:7)
  7 orc warriors
  A sky beast (D:7)
  5 ogres
  4 centaurs
  3 phantoms
  5 bullfrogs
  3 kobold brigands
  3 scorpions
  A water moccasin zombie (D:5)
  9 wights
  12 killer bees
  A howler monkey (D:5)
  2 electric eels (D:7)
  A centaur zombie (D:5)
  A centaur skeleton (D:5)
  5 jellies
  3 bullfrog zombies (D:5)
  5 hounds
  16 orc priests
  4 iguanas
  20 orc wizards
  2 scorpion zombies (D:5)
  Terence (D:3)
  9 mummies
  Robin (D:3)
  4 gnolls (D:5)
  8 adders
  A white imp (D:5)
  An ufetubus (D:7)
  4 worms
  6 dart slugs
  34 orcs
  4 bats
  6 endoplasms
  6 giant cockroaches
  7 hobgoblins
  4 jackals (D:1)
  2 quokkas (D:3)
  5 ball pythons
  A frilled lizard (D:2)
  18 goblins
  2 goblin zombies (D:7)
  2 hobgoblin zombies (Ossuary)
  11 kobolds
  3 kobold zombies (Ossuary)
  3 orc zombies (Ossuary)
  7 rats
335 creatures vanquished.

Vanquished Creatures (others)
  An orc (D:7)
1 creature vanquished.

Grand Total: 336 creatures vanquished

Notes
Turn   | Place    | Note
-------+----------+-------------------------------------------
     0 | D:1      | speciesxxx the Troll Wanderer began the quest for the Orb.
     0 | D:1      | speciesxxx set off with the following items: a +0
                  | quarterstaff, a wand of flame (4), a potion of haste, a +0
                  | robe; and the following spell memorised: Slow; and the
                  | following spells available to memorise: Confusing Touch,
                  | Tukima's Dance.
     0 | D:1      | Reached XP level 1. HP: 16/16 MP: 1/1
    76 | D:1      | Reached skill level 1 in Unarmed Combat
   201 | D:1      | Reached XP level 2. HP: 23/24 MP: 2/2
   243 | D:1      | Reached skill level 2 in Unarmed Combat
   347 | D:1      | Found a faded altar of an unknown god.
   355 | D:1      | Prayed at the altar of an unknown god.
   355 | D:1      | Became a worshipper of Trog the Wrathful
   355 | D:1      | Reached * piety under Trog
   728 | D:2      | Reached XP level 3. HP: 31/31 MP: 3/3
   989 | D:2      | Reached skill level 3 in Unarmed Combat
  1472 | D:3      | Reached XP level 4. HP: 37/39 MP: 4/4
  1512 | D:3      | Reached ** piety under Trog
  1551 | D:3      | Noticed Terence
  1560 | D:3      | Killed Terence
  1561 | D:3      | Reached skill level 4 in Unarmed Combat
  1849 | D:3      | Noticed Robin
  1857 | D:3      | Killed Robin
  1858 | D:3      | Reached XP level 5. HP: 45/45 MP: 5/5
  1899 | D:3      | Reached skill level 5 in Unarmed Combat
  1963 | D:3      | Reached *** piety under Trog
  2230 | D:4      | Found a staircase to the Ecumenical Temple.
  2345 | D:4      | Noticed a phantom
  2361 | D:4      | Killed a phantom
  2362 | D:4      | Reached skill level 6 in Unarmed Combat
  2362 | D:4      | Reached skill level 1 in Fighting
  2362 | D:4      | Reached XP level 6. HP: 45/55 MP: 6/6
  2426 | D:4      | Found a white marble altar of Elyvilon.
  2816 | D:4      | Noticed Grinder
  2830 | D:4      | Killed Grinder
  2831 | D:4      | Reached XP level 7. HP: 68/68 MP: 7/7
  2973 | D:5      | Entered Level 5 of the Dungeon
  3221 | D:5      | Reached skill level 5 in Fighting
  3313 | D:5      | Reached XP level 8. HP: 48/80 MP: 8/8
  3378 | D:5      | Reached skill level 7 in Unarmed Combat
  3379 | D:5      | Reached **** piety under Trog
  3445 | D:5      | Found a snail-covered altar of Cheibriados.
  3558 | D:5      | Reached skill level 8 in Unarmed Combat
  3675 | D:6      | Noticed Sigmund
  3711 | D:5      | Killed Sigmund
  3768 | D:5      | Reached skill level 9 in Unarmed Combat
  3945 | D:6      | Reached XP level 9. HP: 87/88 MP: 9/9
  3959 | D:6      | Reached skill level 10 in Unarmed Combat
  3986 | D:6      | Noticed Maggie
  4005 | D:6      | Killed Maggie
  4045 | D:6      | Found a bloodstained altar of Trog.
  4145 | D:6      | Noticed a kobold demonologist
  4146 | D:6      | Reached skill level 1 in Armour
  4162 | D:6      | Killed a kobold demonologist
  4451 | D:7      | Reached skill level 11 in Unarmed Combat
  4597 | D:7      | Found a sand-covered staircase.
  4604 | Ossuary  | Entered an ossuary
  4891 | D:7      | Reached skill level 5 in Armour
  4916 | D:7      | Noticed a cyclops
  4920 | D:7      | Reached XP level 10. HP: 70/96 MP: 10/10
  4936 | D:7      | Killed a cyclops
  5390 | D:7      | Reached skill level 12 in Unarmed Combat
  5751 | D:8      | Reached ***** piety under Trog
  5930 | D:8      | Found a sparkling altar of Nemelex Xobeh.
  6586 | D:9      | Reached skill level 13 in Unarmed Combat
  6804 | D:9      | Found a shimmering blue altar of Sif Muna.
  6832 | D:9      | Reached XP level 11. HP: 91/102 MP: 11/11
  6838 | D:9      | Reached skill level 14 in Unarmed Combat
  7004 | D:9      | Found an opulent altar of Gozag.
  7078 | D:9      | Received a gift from Trog
  7315 | D:9      | Noticed a two-headed ogre
  7322 | D:9      | Killed a two-headed ogre
  7323 | D:9      | Reached skill level 15 in Unarmed Combat
  7614 | D:10     | Entered Level 10 of the Dungeon
  7640 | D:10     | Paralysed by a hornet for 3 turns
  7871 | D:10     | Noticed Snorg
  7892 | D:10     | Killed Snorg
  7942 | D:10     | Found a staircase to the Lair.
  7969 | D:10     | Reached skill level 16 in Unarmed Combat
  8040 | D:10     | Noticed a two-headed ogre
  8047 | D:10     | Killed a two-headed ogre
  8278 | D:10     | Found a hazy altar of Hepliaklqana.
  8617 | D:10     | Found a staircase to the Orcish Mines.
  8857 | D:10     | Found Xijolof's Jewellery Boutique.
  8865 | D:10     | Bought a ring of see invisible for 180 gold pieces
  9280 | Orc:1    | Entered Level 1 of the Orcish Mines
  9395 | Orc:1    | Noticed an orc sorcerer
  9403 | Orc:1    | Paralysed by an orc sorcerer for 3 turns
  9407 | Orc:1    | Noticed a sixfirhy
  9408 | Orc:1    | Killed an orc sorcerer
  9636 | Orc:1    | Noticed an orc sorcerer
  9642 | Orc:1    | Killed an orc sorcerer
  9643 | Orc:1    | Reached XP level 12. HP: 111/111 MP: 12/12
  9726 | Orc:2    | Entered Level 2 of the Orcish Mines
  9858 | Orc:2    | Reached skill level 17 in Unarmed Combat
  9874 | Orc:2    | Noticed Azrael
  9970 | Orc:2    | Killed Azrael
 10053 | Orc:2    | Received a gift from Trog
 10145 | Orc:2    | Noticed an orc high priest
 10145 | Orc:2    | Noticed an orc high priest
 10181 | Orc:2    | Demolished by an orc knight

Illustrated notes

Levels and vault maps discovered:
D:1:      dpeg_arrival_boxorama, layout_loops_ring,
          ebering_ecumenical_altar_webs
D:2:      layout_loops_corners
D:3:      layout_basic, grunt_ministairs_13, skrybe_limestone_x, minmay_cupped,
          uniq_terence, uniq_robin
D:4:      layout_loops_ring, elyvilon_altar_4, minmay_temple_entry_trees,
          minmay_misc_feat_more_columns, minmay_misc_feat_ornament, uniq_grinder
D:5:      layout_rooms, overflow_temple_1_default, serial_undead,
          serial_undead_d, serial_undead_d, serial_undead_e, serial_undead_f
D:6:      layout_rooms, trog_ov_bears_minmay, minmay_manual_macuahuitl,
          uniq_maggie, uniq_sigmund
D:7:      minmay_bubble_buster, layout_loops_cross, nicolae_ossuary_entry_giza,
          serial_bayou_lake_a
D:8:      layout_basic, nemelex_xobeh_ov_fountains_minmay
D:9:      layout_basic, amcnicky_altar_gilded, kennysheep_mini_moat,
          serial_curves, eino_curves_03, eino_curves_02, eino_curves_01,
          eino_curves_01
D:10:     layout_layer_cave, lemuel_tele_altar, due_lair_maze_entry_diamond,
          minmay_orc_entry_temple_small, serial_shops,
          nicolae_shop_tiny_real_fake_doors, uniq_snorg
Orc:1:    layout_diamond_mine
Orc:2:    grunt_orc_tribal_feast, layout_diamond_mine, basic_altar,
          serial_shops, nicolae_shop_back_alley_shop, kennysheep_orc_sif_temple,
          uniq_azrael

Skill      XL: |  1  2  3  4  5  6  7  8  9 10 11 12 |
---------------+-------------------------------------+-----
Unarmed Combat | 1 2 3 4 6 9 11 13 16 17 | 17.8
Fighting       | 1 3 5 |  5.0
Armour         | 5 6 |  6.0
Staves         | |  1.5
Spellcasting   | |  1.0
Hexes          | |  2.6
Invocations    | |  1.0
Evocations     | |  1.3

Action                     |  1- 3 |  4- 6 |  7- 9 | 10-12 || total
---------------------------+-------+-------+-------+-------++-------
  Melee: Unarmed           |   122 |   165 |   265 |   497 ||  1049
         Punch             |     3 |     2 |    15 |    32 ||    52
  Throw: Stone             |     2 |     4 |       |       ||     6
 Invoke: Trog's Hand       |       |     1 |       |       ||     1
         Berserk           |       |     1 |     3 |     7 ||    11
    Use: Scroll            |       |       |    10 |     1 ||    11
         Potion            |       |       |       |     1 ||     1
 Armour: Robe              |    40 |    46 |    39 |       ||   125
         Acid dragon scale |       |       |    37 |   179 ||   216
         Troll leather arm |       |       |       |    51 ||    51
  Dodge: Dodged            |    51 |    74 |    89 |   178 ||   392
